AoeStats
← CR@cid

Black Forest

503467678Analyzed
3v3 RM · 1mo ago on Aug 31, 2026· 70m 36s· 6 players
Game mode
Random Map
Map size
Normal (6 player)
Population
200
Speed
Normal
Resources
Standard
Victory
Conquest
Starting age
Dark Age
Ending age
Imperial Age
RankedLock teamsTeams togetherTeam positionsShared explorationLock speedFull tech treeHidden civsTurbo modeCheats
Victory
Defeat
🇦🇷 Turks · Argentina
1084
+12
🇦🇷 Wei · Argentina
1066
+12
🇦🇷 Spanish · Argentina
1056
+13
🇩🇪 Spanish · Germany
1092
-17
🇩🇪 Bohemians · Germany
1052
-15
🇩🇪 Romans · Germany
817
-6
qu4nt0r3n5chw31n
1:25 Loom
14:29 Feudal Age
19:54 Castle Age
18:58 Double-Bit Axe
18:55 Horse Collar
24:32 Wheelbarrow
25:11 Bow Saw
26:23 Fervor
32:11 Imperial Age
32:16 Padded Archer Armor
32:30 Elite Skirmisher
33:05 Fletching
33:30 Leather Archer Armor
33:52 Squires
33:14 Pikeman
35:14 Chemistry
34:49 Halberdier
37:52 Bodkin Arrow
38:28 Ring Archer Armor
40:05 Halberdier
CR@cid
5:19 Loom
12:39 Feudal Age
13:56 Wheelbarrow
13:22 Double-Bit Axe
17:47 Horse Collar
19:55 Town Watch
20:38 Stone Mining
20:39 Gold Mining
24:05 Castle Age
23:16 Fletching
23:37 Forging
25:17 Town Patrol
25:28 Heavy Plow
25:46 Bow Saw
28:49 Iron Casting
28:12 Bodkin Arrow
30:19 Ballistics
30:12 Padded Archer Armor
30:19 Scale Mail Armor
31:16 Gold Shaft Mining
33:05 Leather Archer Armor
33:24 Masonry
33:43 Hand Cart
41:39 Imperial Age
39:25 Ballistas
40:33 Coinage
42:08 Heavy Scorpion
44:10 Chemistry
43:35 Conscription
52:30 Fortified Wall
52:17 Murder Holes
52:52 Architecture
53:51 Siege Engineers
54:20 Elite Centurion
basstler
1:16 Loom
11:20 Feudal Age
15:18 Castle Age
14:17 Double-Bit Axe
16:15 Wheelbarrow
17:17 Bow Saw
16:51 Horse Collar
17:51 Heavy Plow
23:49 Wheelbarrow
25:06 Gold Mining
25:06 Stone Mining
25:55 Hand Cart
27:45 Caravan
31:58 Imperial Age
30:33 Ballistics
30:16 Town Watch
30:41 Inquisition
30:54 Padded Archer Armor
31:07 Forging
31:02 Scale Barding Armor
32:16 Leather Archer Armor
32:07 Scale Barding Armor
33:08 Conscription
32:35 Elite Conquistador
33:42 Husbandry
33:53 Bloodlines
35:11 Chemistry
34:24 Cavalier
38:02 Ring Archer Armor
38:12 Iron Casting
38:09 Chain Barding Armor
39:13 Paladin
40:56 Stone Shaft Mining
41:34 Blast Furnace
44:08 Plate Barding Armor
54:00 Squires
53:21 Pikeman
57:04 Scale Mail Armor
58:03 Halberdier
65:22 Chain Mail Armor
66:10 Elite Skirmisher
68:17 Ballistics
loto95
2:43 Loom
15:45 Feudal Age
18:31 Double-Bit Axe
18:29 Horse Collar
18:42 Gold Mining
18:44 Stone Mining
23:33 Castle Age
24:14 Wheelbarrow
28:55 Imperial Age
35:13 Padded Archer Armor
37:55 Leather Archer Armor
44:28 Town Watch
45:14 Artillery
50:44 Scale Barding Armor
50:50 Forging
51:11 Ring Archer Armor
51:12 Bloodlines
51:02 Husbandry
55:16 Conscription
55:29 Chain Barding Armor
56:29 Bombard Tower
56:56 Plate Barding Armor
57:55 Elite Janissary
67:17 Iron Casting
INSANE-
4:10 Loom
12:49 Feudal Age
16:55 Castle Age
14:52 Horse Collar
15:05 Double-Bit Axe
18:14 Wheelbarrow
18:11 Bow Saw
18:44 Heavy Plow
23:54 Hand Cart
24:07 Town Watch
24:23 Gold Mining
30:38 Imperial Age
31:46 Parthian Tactics
31:27 Thumb Ring
31:33 Thumb Ring
31:44 Padded Archer Armor
32:06 Ballistics
32:46 Chemistry
31:27 Treadmill Crane
32:08 Stone Mining
31:59 Capped Ram
33:37 Stone Shaft Mining
35:37 Husbandry
35:48 Bloodlines
35:45 Heavy Hei Guang Cavalry
36:39 Scale Barding Armor
36:44 Forging
36:50 Leather Archer Armor
36:25 Fletching
37:45 Leather Archer Armor
37:22 Fletching
37:53 Chain Barding Armor
40:17 Ming Guang Armor
40:13 Conscription
40:32 Iron Casting
40:27 Ring Archer Armor
39:53 Bodkin Arrow
43:01 Gold Shaft Mining
54:57 Hoardings
54:41 Bodkin Arrow
55:47 Blast Furnace
54:54 Caravan
56:55 Light Cavalry
57:37 Bracer
57:34 Hussar
Emperador Siziña
1:09 Loom
12:46 Feudal Age
19:25 Castle Age
17:21 Stone Mining
18:26 Double-Bit Axe
18:36 Horse Collar
22:01 Wheelbarrow
22:36 Bow Saw
26:10 Elite Skirmisher
26:44 Fletching
27:05 Forging
27:03 Scale Barding Armor
28:27 Gold Mining
28:53 Heavy Plow
33:45 Imperial Age
32:32 Hand Cart
34:03 Iron Casting
33:24 Bodkin Arrow
33:50 Chain Barding Armor
33:48 Pikeman
35:08 Scale Mail Armor
35:24 Cavalier
36:05 Husbandry
36:12 Squires
35:59 Gambesons
37:26 Blast Furnace
37:44 Ballistics
38:25 Chemistry
38:42 Two-Man Saw
37:18 Halberdier
39:41 Bloodlines
47:52 Bracer
47:53 Padded Archer Armor
68:28 Leather Archer Armor
Connection lost

Rejoining the realm…

Still unreachable

The connection could not be restored.

Session expired

The server has moved on; the page needs a fresh start.